 Dungeon Crawl Stone Soup version 0.25-a0-578-gc91f01c39c (webtiles) character file.

Game seed: 7809884152344100358, levelgen mode: deterministic

5 EriolAelfwine the Ducker (level 1, -1/14 HPs)
             Began as a Merfolk Fire Elementalist on Mar 7, 2020.
             Slain by a kobold
             ... wielding a cursed -1 whip
              (5 damage)
             ... on level 1 of the Dungeon.
             The game lasted 00:02:52 (388 turns).

EriolAelfwine the Ducker (Merfolk Fire Elementalist) Turns: 388, Time: 00:02:52

Health: -1/14      AC:  2    Str:  8    XL:     1   Next: 80%
Magic:  3/3        EV: 13    Int: 14    God:
Gold:   42         SH:  0    Dex: 14    Spells: 3/4 levels left

rFire    . . .     SeeInvis .   d - +0 mace
rCold    . . .     Gourm    .   (no shield)
rNeg     . . .     Faith    .   a - +0 robe
rPois    .         Spirit   .   (no helmet)
rElec    .         Reflect  .   (no cloak)
rCorr    .         Harm     .   (no gloves)
MR       .....                  (no boots)
Stlth    ++........             (no amulet)
HPRegen  0.04/turn              (no ring)
MPRegen  0.08/turn              (no ring)

@: no status effects
A: change form in water, swift swim, stealthy swim
a: no special abilities


You were on level 1 of the Dungeon.
You were not hungry.

You visited 1 branch of the dungeon, and saw 1 of its levels.

You collected 42 gold pieces.

Inventory:

Hand Weapons
 d - a +0 mace (weapon)
Armour
 a - a +0 robe (worn)
Scrolls
 e - 3 scrolls of remove curse {unknown}
Potions
 f - a potion of mutation {unknown}
Comestibles
 b - 2 chunks of flesh
 c - 2 rations


   Skills:
 + Level 0.3 Fighting
 + Level 2.8 Dodging
 - Level 2.1 Stealth
 + Level 2.0 Spellcasting
 + Level 0.9 Conjurations
 + Level 2.2 Fire Magic


You had 3 spell levels left.
You knew the following spells:

 Your Spells              Type           Power        Failure   Level  Hunger
a - Foxfire               Conj/Fire      #...         12%         1    ##.....

Your spell library contained the following spells:

 Spells                   Type           Power        Failure   Level  Hunger
 Conjure Flame            Conj/Fire      #.......     36%         3    ####...
 Inner Flame              Hex/Fire       #.......     41%         3    ####...
 Sticky Flame             Conj/Fire      #.......     77%         4    #####..
 Fireball                 Conj/Fire      #.........   98%         5    ######.


Dungeon Overview and Level Annotations

Branches:
Dungeon (1/15)

Altars:


Message History

e - 2 scrolls labeled ARASEC URAE (gained 1)
f - a murky purple potion
e - 3 scrolls labeled ARASEC URAE (gained 1)
A kobold comes into view. It is wielding a -1 whip.
You see here 13 gold pieces.
Found a scroll labeled WOAGGU UVIDI.
Found a ring mail.
The helpless kobold fails to defend itself.
You hit the kobold but do no damage.
The kobold hits you with a cursed -1 whip!
Ouch! That really hurt!
The kobold barely misses you.
You closely miss the kobold. The kobold closely misses you.
You hit the kobold but do no damage.
The kobold hits you with a cursed -1 whip.
* * * LOW HITPOINT WARNING * * *
The kobold closely misses you.
You see here 13 gold pieces.
The kobold hits you with a cursed -1 whip.
You die...

##.## #..............
##...###..##########.8
####.###.##..# #..
#....# #.....# ###
#.##.###.....# #
#.###....##### # #.#
##.#.# # #.# #.#.# #.#
#.#@# ###.####.#K###
#............#
#.#.####.##..##
...##...##
#####.....#####
#.........#
#.....###.#
##........#


You could see a kobold.

Vanquished Creatures
  A leopard gecko (D:1)
  A hobgoblin (D:1)
  A kobold (D:1)
  A bat (D:1)
4 creatures vanquished.

Vanquished Creatures (others)
  5 foxfires (D:1)
5 creatures vanquished.

Grand Total: 9 creatures vanquished

Notes
Turn   | Place    | Note
-------+----------+-------------------------------------------
     0 | D:1      | EriolAelfwine the Merfolk Fire Elementalist began the quest
                  | for the Orb.
     0 | D:1      | Reached XP level 1. HP: 13/13 MP: 3/3
   388 | D:1      | Slain by a kobold

Levels and vault maps discovered:
D:1:      grunt_arrival_lava_bath, layout_loops_ring

Action                   || total
-------------------------++-------
Melee: Mace              ||     4
 Cast: Foxfire           ||     4
 Stab: Sleeping          ||     2
Armor: Robe              ||     1
Dodge: Dodged            ||     4

Table legend:
 A = Non-vault XP
 B = Vault XP
 C = Vault XP percentage of total XP
 D = Non-vault monster count
 E = Vault monster count
 F = Vault count percentage of total count
                 A         B        C        D         E       F
            +---------+---------+-------+---------+---------+-------
      Total |       8 |       0 |   0.0 |       4 |       0 |   0.0
            +---------+---------+-------+---------+---------+-------
        D:1 |       8 |       0 |   0.0 |       4 |       0 |   0.0
            +---------+---------+-------+---------+---------+-------
